 Dungeon Crawl Stone Soup version 0.25-a0-73-g9796ba8d15 (webtiles) character file.

Game seed: 13466048820502464264, levelgen mode: deterministic

105 Amnesiac the Cutter (level 4, -3/21 HPs)
             Began as a Vine Stalker Earth Elementalist on Nov 5, 2019.
             Was an Initiate of Gozag.
             Killed from afar by Natasha (7 damage)
             ... with a puff of flame
             ... on level 4 of the Dungeon.
             The game lasted 00:06:02 (2688 turns).

Amnesiac the Cutter (VSEE)                          Turns: 2688, Time: 00:06:03

Health: -3/21      AC:  7    Str: 11    XL:     4   Next: 81%
Magic:  0/8        EV: 10    Int: 15    God:    Gozag
Gold:   396        SH:  0    Dex: 15    Spells: 2/7 levels left

rFire    . . .     SeeInvis .   a - +1 short sword (speed)
rCold    . . .     Gourm    .   (no shield)
rNeg     . . .     Faith    .   d - +0 ring mail (curse)
rPois    .         Spirit   +   l - +0 helmet
rElec    .         Reflect  .   n - +0 cloak
rCorr    .         Harm     .   (no gloves)
MR       .....     Rnd*Tele +   (no boots)
Stlth    ++........             j - amulet of magic regeneration
HPRegen  0.47/turn              g - ring of teleportation (curse)
MPRegen  0.36/turn              (no ring)

@: slowed, very slow
A: fangs 2, regeneration 1, magic shield, antimagic bite, no potion heal 3, rot
immunity
a: Potion Petition, Call Merchant, Bribe Branch, Renounce Religion


You were on level 4 of the Dungeon.
You worshipped Gozag.
Gozag was aware of your devotion.
You were not hungry.

You visited 1 branch of the dungeon, and saw 4 of its levels.

You collected 431 gold pieces.
You paid 35 gold pieces to Gozag.

Inventory:

Hand Weapons
 a - a +1 short sword of speed (weapon)
Missiles
 b - 151 stones (quivered)
Armour
 d - a cursed +0 ring mail (worn)
 l - a +0 helmet (worn)
 n - a +0 cloak (worn)
 o - a +0 large shield
 q - a +2 leather armour of fire resistance
Jewellery
 g - a cursed ring of teleportation (left hand)
 j - an amulet of magic regeneration (around neck)
Scrolls
 e - 3 scrolls of identify {!r}
 f - a scroll of remove curse {!r}
 h - 2 scrolls of noise {!r}
 k - a scroll of enchant weapon {!r}
 p - a scroll of blinking {!r}
Potions
 i - a potion of haste {!q}
 m - a potion of berserk rage {!q, unknown}
Comestibles
 c - 4 rations


   Skills:
 * Level 3.4 Short Blades
 - Level 1.5 Dodging
 + Level 3.4 Stealth
 - Level 0.4 Unarmed Combat
 - Level 2.1 Spellcasting
 - Level 1.0 Transmutations
 - Level 3.0 Earth Magic


You had 2 spell levels left.
You knew the following spells:

 Your Spells              Type           Power        Failure   Level  Hunger
a - Sandblast             Erth           ##....       16%         1    #......
b - Passwall              Tmut/Erth      #.......     34%         2    ###....
c - Sticks to Snakes      Tmut           #.......     47%         2    ###....

Your spell library contained the following spells:

 Spells                   Type           Power        Failure   Level  Hunger
 Beastly Appendage        Tmut           #.....       34%         1    #......
 Corona                   Hex            #......      47%         1    #......
 Ensorcelled Hibernation  Hex/Ice        #.....       63%         2    ###....
 Stone Arrow              Conj/Erth      #.....       65%         3    ###....
 Spider Form              Tmut/Pois      #.........   78%         3    ###....
 Confuse                  Hex            #.......     85%         3    ###....
 Dazzling Spray           Conj/Hex       #.....       85%         3    ###....
 Tukima's Dance           Hex            #.......     85%         3    ###....
 Petrify                  Tmut/Erth      #.......     93%         4    #####..
 Ice Form                 Ice/Tmut       #.......     99%         4    #####..
 Lee's Rapid Deconstruct  Erth           ##........   99%         5    ######.
 Blade Hands              Tmut           #.........   100%        5    ######.


Dungeon Overview and Level Annotations

Branches:
Dungeon (4/15)
 Temple: D:4-7

Altars:
Gozag
Trog

Annotations:
D:4 Natasha


Innate Abilities, Weirdness & Mutations

You have extremely sharp teeth.
Your natural rate of healing is unusually fast.
When hurt, damage is shared between your health and your magic reserves.
Your bite disrupts and absorbs the magic of your enemies.
Potions cannot restore your health.
You are immune to rotting.


Message History

You hit the orc.
You kill the orc!
No target in view!
No target in view!
You now have 367 gold pieces (gained 7).
You see here a +0 ring mail.
HP restored.
You now have 373 gold pieces (gained 6).
Things that are here:
a +0 mace; 2 boomerangs of dispersal; a +0 leather armour Magic restored.
You now have 390 gold pieces (gained 17).
Things that are here:
a cursed -1 club; a +0 falchion You now have 396 gold pieces (gained 6).
Things that are here:
a cursed -1 club; a +0 falchion You see here a +0 ring mail.
You pick up a book of Maledictions and begin reading...
You add the spells Corona, Ensorcelled Hibernation, Confuse, Tukima's Dance and Dazzling Spray to your library.
c - 4 rations (gained 1)
You feel strangely unstable.
You are suddenly yanked towards a nearby monster!
Your surroundings suddenly seem different.
Splash!
You fall into the shallow water.
Natasha, Servant of Life and Death comes into view.
She is carrying a wand of flame (15).
Natasha hisses angrily.
Natasha stares at you and mumbles some strange words.
The magic dart hits you.
Found 11 stones.
Natasha zaps a wand.
The puff of flame hits you. Natasha casts a spell at you.
You feel yourself slow down.
You enter the shallow water.
Natasha zaps a wand.
The puff of flame hits you!
* * * LOW HITPOINT WARNING * * *
Natasha casts a spell at you. You resist with some effort.
Natasha closely misses you.
You hit Natasha.
Natasha is moderately wounded.
Natasha closely misses you.
You miss Natasha.
Natasha is moderately wounded.
Natasha barely misses you.
You hit Natasha but do no damage.
Natasha is moderately wounded.
Natasha closely misses you.
You hit Natasha.
Natasha is moderately wounded.
You hit Natasha.
Natasha is severely wounded.
Natasha zaps a wand.
The puff of flame hits you!
* * * LOW HITPOINT WARNING * * *
You closely miss Natasha.
Natasha is severely wounded.
Natasha claws you.
* * * LOW HITPOINT WARNING * * *
You barely miss Natasha. You bite Natasha.
Natasha's magic leaks into the air.
You drain her magic.
You feel invigorated.
Natasha is almost dead.
Natasha extends her claws.
Natasha zaps a wand.
The puff of flame hits you!
You die...
Your body crumbles into a pile of gold.

##### #(..#
#...#
####...#######
.............
#..h≈≈≈##
#..@≈≈≈≈#.##
####≈≈≈≈≈...
#≈≈≈≈≈.##
##≈≈≈≈≈#
≈≈≈≈≈# #≈≈≈≈≈.
≈≈≈≈≈. #≈≈≈≈.
≈≈≈≈≈


You could see Natasha.

Vanquished Creatures
  A worker ant zombie (D:3)
  An ooze (D:2)
  2 worms
  2 dart slugs (D:2)
  4 leopard geckos
  5 orcs (D:4)
  8 bats
  11 hobgoblins
  12 kobolds
  2 quokkas
  A ball python (D:2)
  2 frilled lizards (D:1)
  10 goblins
  A leopard gecko skeleton (D:3)
  5 rats
  A plant (D:1)
68 creatures vanquished.

Notes
Turn   | Place    | Note
-------+----------+-------------------------------------------
     0 | D:1      | Amnesiac the Vine Stalker Earth Elementalist began the
                  | quest for the Orb.
     0 | D:1      | Reached XP level 1. HP: 9/9 MP: 4/4
   177 | D:1      | Reached skill level 1 in Short Blades
   203 | D:1      | Reached XP level 2. HP: 12/13 MP: 6/6
   671 | D:1      | Reached XP level 3. HP: 13/16 MP: 7/7
   945 | D:2      | Found an opulent altar of Gozag.
   950 | D:2      | Became a worshipper of Gozag Ym Sagoz the Greedy
  1254 | D:2      | Learned a level 2 spell: Passwall
  1390 | D:2      | Found a bloodstained altar of Trog.
  1600 | D:2      | Gained mutation: Your natural rate of healing is unusually
                  | fast. [Vine Stalker growth]
  1600 | D:2      | Reached XP level 4. HP: 15/21 MP: 5/8
  1817 | D:2      | Found a bloodstained altar of Trog.
  2415 | D:3      | Learned a level 2 spell: Sticks to Snakes
  2677 | D:4      | Noticed Natasha
  2688 | D:4      | Killed from afar by Natasha

Levels and vault maps discovered:
D:1:      roderic_crop_circles_arrival_small, layout_basic, skrybe_limestone_x
D:2:      layout_basic, nicolae_gozag_seed_capital, lemuel_round_altar,
          trog_hazing_becter
D:3:      layout_basic, first_ration
D:4:      wander_river, layout_basic, uniq_natasha, uniq_crazy_yiuf_cottage

Skill      XL: |  1  2  3  4 |
---------------+-------------+-----
Short Blades   | 1 2 3 |  3.4
Stealth        | 3 |  3.4
Dodging        | |  1.5
Unarmed Combat | |  0.4
Spellcasting   | |  2.1
Transmutations | |  1.0
Earth Magic    | |  3.0

Action                   |  1- 3 |  4- 6 || total
-------------------------+-------+-------++-------
Melee: Unarmed           |   144 |       ||   144
       Bite              |    96 |    16 ||   112
       Short sword       |   138 |    91 ||   229
  Use: Scroll            |     2 |     3 ||     5
 Stab: Sleeping          |     6 |     3 ||     9
  Eat: Chunk             |     1 |       ||     1
       Ration            |       |     2 ||     2
Armor: Robe              |    12 |       ||    12
       Ring mail         |       |    26 ||    26
Dodge: Dodged            |    60 |    33 ||    93

Table legend:
 A = Non-vault XP
 B = Vault XP
 C = Vault XP percentage of total XP
 D = Non-vault monster count
 E = Vault monster count
 F = Vault count percentage of total count
                 A         B        C        D         E       F
            +---------+---------+-------+---------+---------+-------
      Total |     139 |      11 |   7.3 |      61 |       6 |   9.0
            +---------+---------+-------+---------+---------+-------
        D:1 |      38 |       0 |   0.0 |      23 |       0 |   0.0
        D:2 |      46 |      11 |  19.3 |      20 |       6 |  23.1
        D:3 |      38 |       0 |   0.0 |      12 |       0 |   0.0
        D:4 |      17 |       0 |   0.0 |       6 |       0 |   0.0
            +---------+---------+-------+---------+---------+-------
